Map: [ESL] Gresvan

Players

PattyMac

  • Race: Protoss Protoss
  • Spawn Location: 5:00

Cham - Winner!

  • Race: Zerg Zerg
  • Spawn Location: 11:00

Event: ESL SC2 Masters 2023 Summer (Regionals)

VOD

Have the link to the VOD?

Description

Time

  • Played on: May 14, 2023, 3:09 p.m.
  • Length: 12:14

All games in this series

Show
View Real Time Build Order
Export as new Build Order

PattyMac Protoss 

Build Orders: 1 Gate Expand, Carriers, Mass Adepts 

Get SALT Encoding   

  12  0:00  Probe  
  13  0:14  Pylon  
  13  0:17  Probe (Chrono Boost)  
  14  0:26  Probe (Chrono Boost)  
  15  0:31  Probe (Chrono Boost)  
  16  0:39  Gateway  
  16  0:43  Probe  
  16  0:48  Assimilator  
  17  0:56  Probe  
  18  1:08  Probe  
  19  1:20  Probe  
  20  1:27  Nexus  
  20  1:35  Cybernetics Core  
  20  1:38  Probe  
  21  1:44  Assimilator  
  21  1:50  Probe  
  21  1:54  Pylon  
  22  2:03  Probe (Chrono Boost)  
  23  2:09  Adept (Chrono Boost), Warp Gate (Chrono Boost)  
  26  2:15  Probe (Chrono Boost)  
  27  2:22  Probe (Chrono Boost)  
  27  2:30  Probe  
  27  2:31  Stalker (Chrono Boost)  
  27  2:35  Gateway  
  29  2:40  Probe  
  30  2:45  Probe  
  31  2:52  Probe  
  31  2:54  Adept  
  31  2:58  Probe  
  35  3:04  Probe  
  36  3:05  Gateway  
  36  3:10  Probe  
  37  3:15  Twilight Council  
  37  3:16  Probe  
  38  3:21  Adept  
  38  3:22  Probe  
  38  3:24  Adept  
  43  3:29  Pylon  
  43  3:30  Probe  
  44  3:34  Pylon  
  44  3:35  Probe  
  45  3:42  Probe  
  45  3:48  Probe  
  47  3:54  Resonating Glaives (Chrono Boost)  
  47  4:02  Adept  
  49  4:03  Adept  
  49  4:04  Adept  
  49  4:08  Nexus  
  54  4:10  Probe  
  54  4:11  Probe  
  54  4:14  Pylon  
  55  4:22  Probe  
  56  4:25  Assimilator  
  56  4:28  Assimilator  
  56  4:30  Adept  
  58  4:32  Adept x2  
  58  4:35  Probe  
  58  4:36  Probe  
  56  4:51  Adept  
  55  4:53  Probe  
  55  4:54  Adept x2  
  60  5:03  Probe  
  47  5:07  Probe, Stargate x2  
  47  5:13  Adept  
  50  5:15  Probe, Adept x2  
  50  5:19  Probe  
  56  5:29  Probe  
  57  5:37  Nexus  
  57  5:41  Adept x3  
  62  5:48  Pylon  
  62  5:49  Pylon  
  62  5:53  Nexus  
  62  5:55  Pylon  
  62  6:01  Fleet Beacon  
  62  6:10  Pylon  
  64  6:17  Adept x3  
  68  6:20  Shield Battery  
  68  6:22  Probe  
  73  6:33  Void Ray (Chrono Boost)  
  71  6:40  Adept x3  
  71  6:48  Shield Battery  
  71  6:52  Void Ray (Chrono Boost)  
  75  6:59  Pylon  
  75  7:03  Adept  
  77  7:14  Nexus  
  77  7:15  Pylon  
  77  7:17  Pylon  
  77  7:18  Pylon  
  77  7:22  Adept  
  79  7:23  Adept  
  79  7:25  Adept  
  95  7:38  Probe  
  95  7:39  Carrier (Chrono Boost)  
  95  7:41  Carrier (Chrono Boost)  
  96  7:51  Probe  
  97  7:54  Protoss Air Weapons Level 1, Shield Battery  
  97  7:58  Pylon  
  97  8:00  Adept  
  99  8:11  Probe  
  100  8:13  Probe  
  97  8:24  Probe  
  97  8:25  Probe  
  97  8:26  Assimilator  
  93  8:27  Templar Archives  
  93  8:29  Gateway, Assimilator  
  99  8:37  Probe x2  
  99  8:40  Carrier (Chrono Boost)  
  101  8:43  Carrier (Chrono Boost)  
  107  8:49  Probe  
  107  8:54  Shield Battery  
  108  8:56  Probe  
  108  9:01  Probe  
  110  9:04  High Templar x2  
  112  9:10  Adept  
  104  9:29  Probe x2  
  104  9:30  Carrier (Chrono Boost)  
  104  9:35  Forge  
  110  9:40  Shield Battery  
  110  9:41  Carrier (Chrono Boost)  
  110  9:47  Stalker  
  110  9:48  Shield Battery  
  110  9:49  Shield Battery  
  110  9:50  Zealot x3  
  118  10:13  Photon Cannon  
  118  10:17  Photon Cannon, Carrier (Chrono Boost)  
  118  10:19  Photon Cannon  
  124  10:22  Psionic Storm  
  124  10:23  Pylon  
  124  10:29  Pylon  
  124  10:31  Pylon  
  124  10:34  Photon Cannon  
  130  10:49  Carrier (Chrono Boost)  
  130  10:52  Adept x3  
  129  11:02  Adept  
  114  11:16  Zealot x3  
  120  11:33  Zealot  
  116  11:41  High Templar x2  
  116  11:45  Archon  
  120  11:49  High Templar  
Show
View Real Time Build Order
Export as new Build Order

Cham Zerg - Winner!

Build Orders: Hatch First 

Get SALT Encoding   

  12  0:00  Drone  
  13  0:12  Overlord  
  13  0:17  Drone  
  14  0:30  Drone  
  14  0:31  Drone  
  16  0:48  Hatchery  
  15  0:51  Drone  
  15  0:55  Drone  
  17  0:58  Drone  
  18  1:14  Extractor, Spawning Pool  
  18  1:18  Drone  
  17  1:21  Drone  
  18  1:29  Drone  
  19  1:42  Drone  
  20  1:50  Overlord  
  20  2:00  Zergling x4  
  20  2:01  Queen x2  
  26  2:11  Drone  
  26  2:12  Drone  
  28  2:23  Drone x2  
  28  2:27  Metabolic Boost  
  30  2:39  Hatchery  
  29  2:44  Queen  
  29  2:49  Drone x2  
  33  2:55  Overlord  
  33  2:57  Drone  
  33  3:08  Overlord  
  33  3:09  Queen  
  33  3:12  Drone  
  36  3:14  Drone x2  
  36  3:17  Spore Crawler  
  37  3:23  Overlord  
  37  3:26  Overlord  
  37  3:29  Drone  
  37  3:31  Drone  
  37  3:33  Zergling x2  
  40  3:35  Zergling x2  
  40  3:38  Zergling x2  
  42  3:42  Zergling x2  
  42  3:43  Zergling x2  
  42  3:47  Zergling x2  
  42  3:48  Zergling x4  
  47  3:49  Zergling x2  
  47  3:52  Zergling x2  
  47  3:53  Zergling x2  
  50  3:59  Zergling x6  
  50  4:00  Drone  
  54  4:07  Overlord  
  53  4:11  Zergling x2  
  53  4:16  Zergling x6  
  58  4:17  Zergling x6  
  58  4:20  Zergling x4  
  62  4:32  Overlord, Drone x4  
  62  4:33  Drone  
  62  4:37  Drone x2  
  68  4:40  Drone  
  68  4:44  Drone  
  67  4:46  Drone  
  67  4:47  Drone  
  67  4:52  Drone x3  
  70  4:58  Roach Warren  
  70  4:59  Extractor, Overlord  
  68  5:05  Drone x2  
  64  5:08  Drone  
  64  5:11  Extractor  
  64  5:13  Overlord  
  64  5:17  Drone  
  64  5:20  Overlord  
  64  5:21  Overlord  
  65  5:24  Overlord  
  65  5:31  Overlord  
  65  5:35  Spore Crawler  
  64  5:42  Roach x10  
  82  5:50  Overlord  
  82  5:51  Overlord  
  82  5:53  Zergling x2  
  83  5:58  Zergling x6  
  86  6:04  Zergling x6  
  86  6:05  Zergling x4  
  86  6:06  Zergling x6  
  86  6:08  Zergling x2  
  95  6:13  Overlord  
  95  6:17  Zergling x2  
  95  6:18  Zergling x2  
  97  6:21  Zergling x2  
  97  6:23  Zergling x2  
  99  6:31  Overlord  
  99  6:33  Drone x2, Lair  
  99  6:34  Drone x3  
  98  6:40  Drone x3  
  98  6:41  Drone x2  
  98  6:46  Drone x2  
  100  6:48  Overlord  
  100  6:51  Drone  
  101  6:56  Overlord, Drone x2  
  101  6:57  Drone  
  101  6:58  Overlord  
  104  7:07  Drone x2  
  106  7:11  Extractor, Drone x2  
  106  7:12  Extractor x2, Drone  
  106  7:15  Hatchery  
  103  7:19  Overlord  
  103  7:20  Overlord  
  103  7:27  Roach x3  
  107  7:31  Roach x3  
  107  7:32  Roach x2  
  107  7:33  Roach  
  118  7:37  Overlord x2  
  118  7:41  Roach x2  
  122  7:49  Hydralisk Den  
  121  7:52  Drone x4  
  125  8:00  Overlord  
  125  8:05  Drone x2, Overlord  
  127  8:06  Glial Reconstitution  
  127  8:08  Drone x4  
  131  8:14  Drone x3  
  134  8:25  Drone x2, Spine Crawler, Overlord  
  130  8:31  Hydralisk x3, Grooved Spines  
  130  8:32  Hydralisk  
  137  8:38  Hydralisk x2, Pneumatized Carapace  
  137  8:39  Hydralisk x2  
  145  8:44  Spore Crawler  
  145  8:45  Hydralisk x2  
  148  8:49  Drone  
  148  8:50  Drone x3  
  148  8:53  Hydralisk  
  154  8:58  Hydralisk x3  
  154  8:59  Hydralisk  
  154  9:01  Hydralisk  
  164  9:06  Hydralisk  
  164  9:07  Hydralisk x3  
  171  9:10  Hydralisk  
  171  9:11  Hydralisk  
  171  9:18  Overlord  
  171  9:21  Hydralisk x4  
  171  9:22  Hydralisk  
  171  9:23  Drone  
  174  9:24  Drone  
  174  9:26  Drone x2  
  174  9:27  Drone  
  178  9:38  Hydralisk x2  
  178  9:39  Hydralisk x4  
  178  9:40  Hydralisk  
  178  9:42  Muscular Augments  
  178  9:45  Roach x3  
  198  9:50  Overseer  
  198  9:53  Zergling x2  
  199  10:01  Spore Crawler  
  199  10:02  Spine Crawler x2  
  199  10:03  Lurker Den, Infestation Pit  
  194  10:15  Hatchery  
  194  10:19  Hydralisk x2, Overlord  
  194  10:20  Hydralisk  
  199  10:24  Extractor  
  199  10:25  Extractor, Drone x2, Spine Crawler  
  199  10:28  Drone  
  199  10:31  Drone  
  199  10:33  Spire  
  199  10:34  Drone  
  200  10:45  Extractor  
  200  10:47  Extractor  
  198  10:53  Overlord x2  
  198  10:55  Hydralisk x2  
  199  10:59  Hive  
  199  11:00  Drone x2  
  199  11:02  Hydralisk x6  
  199  11:03  Evolution Chamber x2  
  153  11:14  Hydralisk x9  
  153  11:17  Hydralisk  
  173  11:21  Hydralisk  
  151  11:40  Hydralisk x7  
  151  11:41  Hydralisk  
  171  11:49  Hydralisk x4  
  179  11:56  Drone x3  
  179  11:57  Drone x3  
  179  11:58  Drone  
  179  12:00  Drone  
Tags
 
Add a new tag
Caveats
  • Supply blocks, unpowered buildings, or Contaminate may cause inaccurate times.
  • Supply counts are checked every 10 seconds.